 Dungeon Crawl Stone Soup version 0.31-a0-1093-gadecf4124d (webtiles) character file.

Game seed: 12538489105803716394

294 Revguard the Chopper (level 6, -9/51 HPs)
             Began as a Ghoul Gladiator on Nov 29, 2023.
             Was an Initiate of Makhleb.
             Mangled by paps's ghost (13 damage)
             ... on level 3 of the Dungeon.
             The game lasted 00:07:18 (2678 turns).

Revguard the Chopper (Ghoul Gladiator)              Turns: 2678, Time: 00:07:19

Health: -9/51      AC:  6    Str: 16 (20) XL:     6   Next: 34%
Magic:  6/6        EV: 11    Int:  4 (7)  God:    Makhleb [......]
Gold:   90         SH:  0    Dex: 13 (16) Spells: 5/5 levels left

rFire   . . .        a - +0 war axe
rCold   + . .        (no shield)
rNeg    + + +        o - +0 ring mail
rPois   ∞            c - +0 helmet
rElec   .            (no cloak)
rCorr   .            (no gloves)
SInv    .            (no boots)
Will    .....        (no amulet)
Stlth   +            k - +6 ring of dexterity
HPRegen 0.00/turn    w - +4 ring of slaying
MPRegen 0.10/turn

%: no passive effects
@: mighty, brilliant, attractive, inhibited regen
A: claws 1, cold resistance 1, negative energy resistance 3, inhibited
regeneration, torment resistance 2, devour on kill
a: Renounce Religion


You were on level 3 of the Dungeon.
You worshipped Makhleb.
Makhleb was noncommittal.
You visited 1 branch of the dungeon, and saw 3 of its levels.

You collected 90 gold pieces.

Inventory:

Hand Weapons
 a - a +0 war axe (weapon)
 r - a +0 morningstar
Missiles
 e - 4 javelins
 u - 3 throwing nets
Armour
 b - a +0 leather armour
 c - a +0 helmet (worn)
 o - a +0 ring mail (worn)
Jewellery
 k - a +6 ring of dexterity (left claw)
 w - a +4 ring of slaying (right claw)
Scrolls
 m - 2 scrolls of amnesia {unknown}
 n - 2 scrolls of poison
 p - a scroll of identify {unknown}
 q - a scroll of enchant armour {unknown}
 s - a scroll of teleportation {unknown}
 t - a scroll of summoning {unknown}
 v - a scroll of revelation {unknown}
 x - a scroll of fog {unknown}


   Skills:
 + Level 3.4 Fighting
 + Level 3.5 Axes
 - Level 1.7 Throwing
 + Level 2.0 Armour
 + Level 3.5 Dodging
 + Level 2.3 Invocations
 + Level 2.0 Evocations


You had 5 spell levels left.
You didn't know any spells.
Your spell library was empty.

Dungeon Overview and Level Annotations

Branches:
Dungeon (3/15)

Altars:
Makhleb

Annotations:
D:3 paps's ghost, amateur DsFi


Innate Abilities, Weirdness & Mutations

You are immune to poison.
You have sharp fingernails.
Your flesh is cold resistant. (rC+)
You are immune to negative energy. (rN+++)
You do not regenerate when monsters are visible.
You are immune to unholy pain and torment.
You thrive by killing the living.


Message History

You feel weakened.
You feel dopey.
You feel clumsy. Paps's ghost hits you.
* * * LOW HITPOINT WARNING * * *
It was a potion of mutation.
You feel extremely strange.
Your body decomposes!
You feel weakened.
Your body decomposes!
You feel clumsy. Paps's ghost barely misses you.
It was a potion of resistance.
You feel protected. Paps's ghost hits you.
* * * LOW HITPOINT WARNING * * *
It was a potion of cancellation.
Your magical effects are unravelling.
You feel magically purged.
Your resistance to elements expires.
Paps's ghost barely misses you.
It was a potion of might.
You feel very mighty all of a sudden.
Paps's ghost hits you but does no damage.
It was a potion of brilliance.
You feel clever all of a sudden. Paps's ghost hits you.
* * * LOW HITPOINT WARNING * * *
It was a potion of attraction.
You feel attractive to monsters.
Paps's ghost whispers, "There is no future for you."
Paps's ghost closely misses you.
It was a potion of berserk rage.
You feel slightly irritated. Paps's ghost barely misses you.
Okay, then.
You slash paps's ghost!
Paps's ghost is heavily damaged.
Paps's ghost barely misses you.
Paps's ghost hits you but does no damage.
You barely miss paps's ghost.
Paps's ghost is heavily damaged.
Paps's ghost hits you!
You die...

####.....................########
####.................#...#
...#..............>...##.#
##÷#.###..###.........##.#
#....###..............#.#
###.#.###..##.###......#.########
.##<.....########...#...........#
.####..#.#.(..(#....#...........#
.# ##.#.#.(...#@...##...........
.# #.###...(.W....##..........#
.# #..>#(....'.....#..........#
.#######.#..(..'.......)...####..
.....###.#(...8#............#####
.###..####.....#.............####
## ##....#######..)............##
#####...#................#...
###.#..........[.....###.


You could see paps's ghost.

Vanquished Creatures
  Grinder (D:3)
  4 adders
  4 dart slugs
  6 bats
  2 endoplasms (D:1)
  3 hobgoblins
  6 kobolds
  2 quokkas (D:2)
  6 ball pythons
  5 frilled lizards
  8 goblins
  5 rats
52 creatures vanquished.

Notes
Turn   | Place    | Note
-------+----------+-------------------------------------------
     0 | D:1      | Revguard the Ghoul Gladiator began the quest for the Orb.
     0 | D:1      | Reached XP level 1. HP: 17/17 MP: 0/0
    98 | D:1      | Reached XP level 2. HP: 13/24 MP: 1/1
   489 | D:1      | Reached XP level 3. HP: 30/30 MP: 2/2
  1299 | D:2      | Reached skill level 1 in Invocations
  1299 | D:2      | Reached skill level 1 in Evocations
  1578 | D:2      | Reached skill level 1 in Armour
  2082 | D:3      | Found a burning altar of Makhleb.
  2082 | D:3      | Noticed a green death
  2087 | D:3      | Reached XP level 4. HP: 37/37 MP: 3/3
  2093 | D:3      | Noticed a smoke demon
  2093 | D:3      | Noticed an orange demon
  2095 | D:3      | Became a worshipper of Makhleb the Destroyer
  2113 | D:3      | Noticed Grinder
  2126 | D:3      | Paralysed by Grinder for 5 turns
  2134 | D:3      | Paralysed by Grinder for 3 turns
  2144 | D:3      | Paralysed by Grinder for 2 turns
  2151 | D:3      | Paralysed by Grinder for 2 turns
  2163 | D:3      | Paralysed by Grinder for 3 turns
  2167 | D:3      | Killed Grinder
  2168 | D:3      | Reached XP level 5. HP: 22/45 MP: 5/5
  2168 | D:3      | Reached XP level 6. HP: 25/51 MP: 6/6
  2294 | D:3      | Found a runed translucent gate.
  2295 | D:3      | Found a runed translucent gate.
  2315 | D:3      | Found a runed translucent gate.
  2322 | D:3      | Noticed paps's ghost (amateur DsFi)
  2678 | D:3      | Mangled by paps's ghost

Illustrated notes

Levels and vault maps discovered:
D:1:      dpeg_arrival_water_fire, layout_loops_ring, serial_bayou,
          serial_bayou_lagoon_b, serial_bayou_pond_d, serial_bayou_lagoon_a,
          serial_bayou_ford_a, minmay_misc_feat_iff, serial_park_tiny_1
D:2:      minmay_general_purpose_star, layout_loops_corners, feat_on_display
D:3:      layout_rooms, makhleb_altar_promises_db, ebering_ghost_rock_garden,
          uniq_grinder

Skill      XL: |  1  2  3  4  5  6 |
---------------+-------------------+-----
Invocations    | 1 2 |  2.3
Evocations     | 1 2 |  2.0
Armour         | 1 2 |  2.0
Axes           | 3 |  3.5
Dodging        | 3 |  3.5
Fighting       | 3 |  3.4
Throwing       | |  1.7

Action                     |  1- 3 |  4- 6 || total
---------------------------+-------+-------++-------
  Melee: War axe           |    94 |    45 ||   139
         Punch             |       |     1 ||     1
  Throw: Throwing net      |       |     3 ||     3
    Use: Scroll            |     1 |     1 ||     2
         Potion            |       |     8 ||     8
 Armour: Leather armour    |    40 |       ||    40
         Ring mail         |    19 |    33 ||    52
  Dodge: Dodged            |    71 |    33 ||   104

Table legend: (Time is in decaauts)
 A = Elapsed time spent in this place.
 B = Non-inter-level travel time spent in this place.
 C = Inter-level travel time spent in this place.
 D = Time resting spent in this place.
 E = Time spent auto-exploring this place.
 F = Levels seen in this place.
 G = Mean time per level.
                   A        B        C        D        E       F      G
               +--------+--------+--------+--------+--------+-----+--------+
         Total |   2767 |   2713 |     54 |      0 |   2103 |   3 |  922.3 |
       Dungeon |   2767 |   2713 |     54 |      0 |   2103 |   3 |  922.3 |
               +--------+--------+--------+--------+--------+-----+--------+

Top non-repeatable levels by time:
     D:1: 1218 daAuts
     D:2: 937 daAuts
     D:3: 611 daAuts
